 Dungeon Crawl Stone Soup version 0.32-a0-713-gb3796b0 (webtiles) character file.

Game seed: 9279093287752027358

403 PidgeyThePirate the Shooter (level 6, -4/48 HPs)
             Began as a Coglin Hunter on Mar 15, 2024.
             Was an Initiate of Okawaru.
             Slain by Prince Ribbit (12 damage)
             ... on level 5 of the Dungeon.
             The game lasted 00:05:55 (2595 turns).

PidgeyThePirate the Shooter (Coglin Hunter)         Turns: 2595, Time: 00:05:56

Health: -4/48      AC:  3    Str: 11 (14) XL:     6   Next: 86%
Magic:  6/6        EV:  1    Int:  7 (8)  God:    Okawaru [......]
Gold:   214        SH:  0    Dex: 16 (17) Spells: 5/5 levels left

rFire   + . .        a - +2 sling {Inhapi}
rCold   + . .        d - +0 sling {Cipactli}
rNeg    . . .        c - +0 leather armour
rPois   +            (helmet restricted)
rElec   +            (no cloak)
rCorr   +            (no gloves)
SInv    +            (no boots)
Will    +....        (amulet unavailable)
Stlth   ++           (ring unavailable)
HPRegen 0.28/turn    (ring unavailable)
MPRegen 0.10/turn    (no gizmo)

%: clarity
@: mighty, resistant, enlightened, flying, constricted, revving
A: off-hand wielding, slow wielding, warmup strikes, no jewellery, horns 1, see
invisible, clarity, deterioration 1
a: Invent Gizmo, Renounce Religion


You were on level 5 of the Dungeon.
You worshipped Okawaru.
Okawaru was noncommittal.
You visited 1 branch of the dungeon, and saw 5 of its levels.

You collected 214 gold pieces.

Inventory:

Hand Weapons
 a - a +2 sling (weapon) {Inhapi}
 d - a +0 sling (offhand) {Cipactli}
Armour
 c - a +0 leather armour (worn)
Wands
 o - a wand of warping (9)
Scrolls
 b - a scroll of butterflies
 e - a scroll of noise {unknown}
 f - a scroll of enchant armour {unknown}
 h - 3 scrolls of amnesia {unknown}
 i - 4 scrolls of vulnerability {unknown}
 k - 2 scrolls of identify {unknown}
 l - a scroll of blinking {unknown}
 p - a scroll of fear {unknown}
 q - a scroll of teleportation {unknown}
 v - a scroll of torment {unknown}
Potions
 g - a potion of lignification
 n - a potion of degeneration
 u - a potion of magic


   Skills:
 + Level 3.8 Fighting
 + Level 6.3 Ranged Weapons
 + Level 0.5 Armour
 + Level 2.0 Dodging
 + Level 1.2 Stealth


You had 5 spell levels left.
You didn't know any spells.
Your spell library contained the following spells:

 Spells                   Type           Power      Damage    Failure   Level
 Ensorcelled Hibernation  Hex/Ice        0%         N/A       67%         2
 Passwall                 Erth           0%         N/A       88%         3
 Swiftness                Air            0%         N/A       88%         3


Dungeon Overview and Level Annotations

Branches:
Dungeon (5/15)
 Temple: D:4-7

Altars:
Hepliaklqana
Okawaru
Qazlal
Trog
Wu Jian
The Shining One

Shops:
D:4 =

Annotations:
D:5 Prince Ribbit


Innate Abilities, Weirdness & Mutations

You can wield a second weapon in your off-hand.
It takes a long time for you to wield or remove held weapons.
Your first few attacks do less damage.
You cannot equip rings or amulets.
You have a pair of small horns on your head.
You have supernaturally acute eyesight. (SInv)
You possess an exceptional clarity of mind.
Your body sometimes deteriorates upon taking damage.


Message History

Prince Ribbit blinks!
The ball python bites you but does no damage.
The ball python grabs you. The ball python constricts you.
It was a potion of cancellation.
Your magical effects are unravelling.
You feel magically purged.
You feel less wooden.
Your +0 leather armour unmelds from your body.
The ball python barely misses you. The ball python constricts you.
A ball python comes into view.
It was a potion of enlightenment.
You feel very buoyant.
You fly up into the air.
The ball python bites you but does no damage.
The ball python constricts you.
* * * LOW HITPOINT WARNING * * *
The ball python bites you but does no damage.
The ball python constricts you.
It was a potion of resistance.
You feel protected. The ball python bites you.
* * * LOW HITPOINT WARNING * * *
The ball python constricts you.
* * * LOW HITPOINT WARNING * * *
It was a potion of might.
You feel very mighty all of a sudden.
The ball python bites you but does no damage.
The ball python constricts you.
It was a potion of mutation.
You feel extremely strange.
You feel yourself wasting away.
Your vision sharpens.
Your thoughts seem clearer.
A pair of horns grows on your head!
The ball python bites you but does no damage.
The ball python constricts you.
Okay, then.
You shoot a sling bullet.
The sling bullet barely misses Prince Ribbit.
You shoot a sling bullet. The sling bullet misses Prince Ribbit.
You hear the rusting of a drain very nearby.
Prince Ribbit hits you!
You die...

....#.≈._.≈.#
#.##.≈...≈.#
####))')......+
#...######'####
#.#.# #.#.# . #
#.# #...# ..
#.# #.### ...
#F# #.# ....
#@# ###
.....##S#
.......r#
........##
#####.>..#
#..#.~~S~#
#....###~#
#.#### #.


You could see Prince Ribbit, a ball python and a rat.

Vanquished Creatures
  An ogre (D:5)
  A howler monkey (D:4)
  2 bombardier beetles
  An orc priest (D:5)
  An iguana (D:4)
  An orc wizard (D:5)
  Terence (D:2)
  3 adders
  4 dart slugs
  A ribbon worm (D:4)
  4 orcs
  6 endoplasms
  A giant cockroach (D:1)
  6 hobgoblins
  16 jackals
  A quokka (D:1)
  8 ball pythons
  3 bats
  3 frilled lizards
  5 goblins
  4 kobolds
  6 rats
79 creatures vanquished.

Notes
Turn   | Place    | Note
-------+----------+-------------------------------------------
     0 | D:1      | PidgeyThePirate the Coglin Hunter began the quest for the
                  | Orb.
     0 | D:1      | Reached XP level 1. HP: 16/16 MP: 1/1
    59 | D:1      | Reached skill level 4 in Ranged Weapons
    59 | D:1      | Reached XP level 2. HP: 22/22 MP: 2/2
   135 | D:1      | Found a faded altar of an unknown god.
   145 | D:1      | Reached XP level 3. HP: 27/27 MP: 3/3
   811 | D:2      | You fall into a shaft and drop 2 floors!
   907 | D:4      | Reached XP level 4. HP: 34/34 MP: 4/4
   918 | D:4      | Found a hazy altar of Hepliaklqana.
   934 | D:4      | Reached skill level 5 in Ranged Weapons
   934 | D:4      | Reached XP level 5. HP: 33/39 MP: 5/5
   958 | D:4      | Found Xutweico's Jewellery Shoppe.
   965 | D:4      | Reached skill level 1 in Stealth
  1243 | D:2      | Noticed Terence
  1253 | D:2      | Killed Terence
  1254 | D:2      | Reached XP level 6. HP: 24/47 MP: 6/6
  1687 | D:2      | Found a glowing golden altar of the Shining One.
  1916 | D:3      | Found a bloodstained altar of Trog.
  2113 | D:3      | Found an ornate altar of the Wu Jian Council.
  2289 | D:4      | Found a stormy altar of Qazlal.
  2348 | D:5      | Entered Level 5 of the Dungeon
  2356 | D:5      | Reached skill level 6 in Ranged Weapons
  2394 | D:5      | Found an iron altar of Okawaru.
  2399 | D:5      | Became a worshipper of Warmaster Okawaru
  2447 | D:5      | HP: 1/48 [something/puff of flame (5)]
  2460 | D:5      | Noticed Prince Ribbit
  2594 | D:5      | Gained mutation: Your body sometimes deteriorates upon
                  | taking damage. [potion of mutation]
  2594 | D:5      | Gained mutation: You have supernaturally acute eyesight.
                  | (SInv) [potion of mutation]
  2594 | D:5      | Gained mutation: You possess an exceptional clarity of
                  | mind. [potion of mutation]
  2594 | D:5      | Gained mutation: You have a pair of small horns on your
                  | head. [potion of mutation]
  2595 | D:5      | Slain by Prince Ribbit

Illustrated notes

Levels and vault maps discovered:
D:1:      nicolae_arrival_memento_mori, layout_rooms,
          shapermc_ecumenical_altar_mp_highgroup, serial_aquarium,
          aquarium_bridge_straight [aquarium_subvault_bridge,
          aquarium_subvault_wall, aquarium_subvault_bridge,
          aquarium_subvault_wall], aquarium_bridge_long_joined
          [aquarium_subvault_balcony, aquarium_subvault_bridge,
          aquarium_subvault_bridge, aquarium_subvault_wall,
          aquarium_subvault_bridge, aquarium_subvault_wall], aquarium_window_3,
          aquarium_window_corner, aquarium_window_2, aquarium_window_fake,
          aquarium_view_2f, aquarium_view_2f, aquarium_balcony_1a
D:2:      layout_basic, basic_altar, minmay_between, uniq_terence
D:3:      layout_rooms, lightli_temple_of_fire, mainiacjoe_overflow_alcove_4
D:4:      layout_basic, overflow_temple_1_default,
          nicolae_overflow_crystal_walls, serial_shops,
          nicolae_shop_gaudy_bauble
D:5:      layout_basic, mainiacjoe_overflow_six_doors_small,
          mainiacjoe_sewer_entry_somewhere_in_here_2,
          hellmonk_ghost_happy_afterlife, nicolae_wooded_promenade,
          uniq_prince_ribbit1

Skill      XL: |  1  2  3  4  5  6 |
---------------+-------------------+-----
Ranged Weapons | 4 5 6 |  6.3
Stealth        | 1 |  1.2
Fighting       | 3 |  3.8
Dodging        | 2 |  2.0
Armour         | |  0.5

Action                     |  1- 3 |  4- 6 || total
---------------------------+-------+-------++-------
  Melee: Sling             |       |     6 ||     6
   Fire: Sling             |   168 |   240 ||   408
    Use: Potion            |       |     8 ||     8
 Armour: Leather armour    |    13 |    54 ||    67
         Skin              |       |     3 ||     3
  Dodge: Dodged            |    12 |    20 ||    32

Table legend: (Time is in decaauts)
 A = Elapsed time spent in this place.
 B = Non-inter-level travel time spent in this place.
 C = Inter-level travel time spent in this place.
 D = Time resting spent in this place.
 E = Time spent auto-exploring this place.
 F = Levels seen in this place.
 G = Mean time per level.
                   A        B        C        D        E       F      G
               +--------+--------+--------+--------+--------+-----+--------+
         Total |   2633 |   2526 |    107 |      0 |   1899 |   5 |  526.6 |
       Dungeon |   2633 |   2526 |    107 |      0 |   1899 |   5 |  526.6 |
               +--------+--------+--------+--------+--------+-----+--------+

Top non-repeatable levels by time:
     D:2: 845 daAuts
     D:1: 639 daAuts
     D:3: 470 daAuts
     D:4: 426 daAuts
     D:5: 252 daAuts
